 Dungeon Crawl Stone Soup version 0.20-a0-647-gf178af5 (webtiles) character file.

79 Musica the Sneak (level 4, 0/21 HPs)
             Began as a Spriggan Enchanter on Feb 15, 2017.
             Slain by an adder (5 damage)
             ... on level 3 of the Dungeon.
             The game lasted 00:12:00 (1813 turns).

Musica the Sneak (Spriggan Enchanter)               Turns: 1813, Time: 00:12:00

Health: 0/21       AC:  3    Str:  4    XL:     4   Next: 17%
Magic:  7/10       EV: 18    Int: 17    God:
Gold:   121        SH:  0    Dex: 16    Spells: 7/10 levels left

rFire    . . .     SeeInvis +   a - +1 dagger
rCold    . . .     Gourm    .   b - +0 robe
rNeg     . . .     Faith    .   (shield restricted)
rPois    .         Spirit   .   n - +1 hat
rElec    .         Reflect  .   (no cloak)
rCorr    .         Harm     .   (gloves unavailable)
MR       .....                  (boots unavailable)
Stlth    ++........             (no amulet)
Regen    0.1/turn               (no ring)
MPRegen  0.2/turn               (no ring)

@: lethally poisoned (0 -> -6), very quick
A: unfitting armour, see invisible, herbivore 3, speed 3, slow metabolism 2
a: no special abilities


You were on level 3 of the Dungeon.
You were not hungry.

You visited 1 branch of the dungeon, and saw 3 of its levels.

You collected 121 gold pieces.

Inventory:

Hand Weapons
 a - a +1 dagger (weapon)
 k - a +3 hunting sling
Missiles
 f - 17 arrows
 g - 23 poisoned needles
Armour
 b - a +0 robe (worn)
 n - a +1 hat (worn)
Jewellery
 l - an uncursed amulet of the gourmand {unknown}
Scrolls
 e - 2 scrolls of amnesia
 o - 3 scrolls of immolation
Potions
 m - 2 potions of flight
Books
 c - a book of Maledictions

   Spells                             Type                      Level
   a - Corona                         Hexes                        1
   b - Ensorcelled Hibernation        Hexes/Ice                    2
   c - Confuse                        Hexes                        3
   d - Tukima's Dance                 Hexes                        3
   e - Dazzling Spray                 Conjuration/Hexes            3
Comestibles
 d - 2 bread rations
 j - 4 fruits


   Skills:
 + Level 1.7 Short Blades
 + Level 0.5 Slings
 - Level 3.0 Dodging
 + Level 5.3 Stealth
 + Level 3.5 Spellcasting
 + Level 4.4 Hexes
 + Level 0.7 Ice Magic


You had 7 spell levels left.
You knew the following spells:

 Your Spells              Type           Power        Failure   Level  Hunger
a - Corona                Hex            ###....      2%          1    None
b - Ensorcelled Hibernat  Hex/Ice        ##....       12%         2    ##.....


Dungeon Overview and Level Annotations

Branches:
Dungeon (3/15)

Altars:
The Shining One

Portals:
Sewer: D:3


Innate Abilities, Weirdness & Mutations

You are very small and have problems with some larger weapons.
You are too small for most types of armour.
You have supernaturally acute eyesight. (SInv)
You are a herbivore.
You cover ground extremely quickly.
You need consume almost no food.


Message History

Okay, then.
Firing (i - inventory): No suitable missiles.
Press: ? - help, Shift-Dir - straight line, f/p - adder
Aim: an adder (almost dead)
Okay, then.
Wield which item (- for none, * to show all)? (? for menu, Esc to quit)
a - a +1 dagger (weapon)
Your unstable footing causes you to fumble your attack.
You feel sick. The adder bites you but does no damage.
You barely miss the adder.
The adder is almost dead.
The adder completely misses you.
Your unstable footing causes you to fumble your attack.
You feel sick. The adder barely misses you. The adder bites you.
* * * LOW HITPOINT WARNING * * *
Your unstable footing causes you to fumble your attack.
The adder completely misses you.
Your unstable footing causes you to fumble your attack.
The adder bites you.
You die...

##≈######≈## ##.###.###.
#≈≈≈≈≈≈≈≈≈≈# #.# #.# .
#≈≈≈####≈≈≈#####.###.###.
##≈##≈(##≈##.............
#†#≈≈∩≈#≈######.###.##..
#≈#≈≈(≈#≈# #.........
##≈##(≈##≈## #####.##.#
#≈≈≈#≈≈#≈≈≈# #..†.#
#≈≈≈#((S@≈≈# ###..#
##≈######≈## #...
#.####################..
#......................#
########################


You could see an adder.

Vanquished Creatures
  3 adders
  2 worms (D:3)
  2 leopard geckos
  A ball python (D:3)
  8 bats
  3 giant cockroaches
  4 goblins (D:1)
  4 hobgoblins
  A jackal (D:1)
  5 frilled lizards
  3 kobolds
  13 rats
49 creatures vanquished.

Notes
Turn   | Place    | Note
-------+----------+-------------------------------------------
     0 | D:1      | Musica the Spriggan Enchanter began the quest for the Orb.
     0 | D:1      | Reached XP level 1. HP: 9/9 MP: 5/5
    88 | D:2      | Reached XP level 2. HP: 8/13 MP: 5/7
   303 | D:1      | Learned a level 2 spell: Ensorcelled Hibernation
   718 | D:1      | You fall through a shaft!
   732 | D:2      | Reached XP level 3. HP: 16/16 MP: 6/8
  1181 | D:3      | Found a glowing golden altar of the Shining One.
  1243 | D:3      | Reached skill level 5 in Stealth
  1746 | D:3      | Reached XP level 4. HP: 13/21 MP: 6/10
  1790 | D:3      | Found a glowing drain.
  1813 | D:3      | Slain by an adder

Vault maps used:
D:1:      grunt_arrival_crossed_arrows, minmay_tetromino_o2
D:2:      bloody_makhleb
D:3:      gup_sewer_entry_bubbles, first_bread, tso_metal_star

Skill      XL: |  1  2  3 |
---------------+----------+-----
Spellcasting   | 3 |  3.5
Hexes          | 4 |  4.4
Stealth        | 5 |  5.3
Short Blades   | |  1.7
Slings         | |  0.5
Dodging        | |  3.0
Ice Magic      | |  0.7

Action                   |  1- 3 |  4- 6 || total
-------------------------+-------+-------++-------
Melee: Dagger            |   115 |     5 ||   120
 Fire: Hunting sling     |    26 |    22 ||    48
 Cast: Corona            |    12 |       ||    12
       Ensorcelled Hiber |    19 |     2 ||    21
  Use: Scroll            |     7 |       ||     7
       Potion            |     2 |       ||     2
 Stab: Sleeping          |    20 |       ||    20
Armor: Robe              |    15 |     1 ||    16
Dodge: Dodged            |    99 |    19 ||   118
